Map: 瑟拉斯废墟

Players

iGiA (iAsonu)

  • Race: Zerg Zerg
  • League: Master

iGXiGua - Winner!

  • Race: Zerg Zerg
  • League: Master

Event: GPL 2015 - Grand Finals

VOD

Have the link to the VOD?

Description

Time

  • Played on: Jan. 22, 2016, 10:14 p.m.
  • Length: 14:01

All games in this series

Show
View Real Time Build Order
Export as new Build Order

iGiA Zerg 

Build Orders: Hatch First 

Get SALT Encoding   

  12  0:01  Drone  
  13  0:13  Overlord  
  13  0:18  Drone  
  14  0:31  Drone x2  
  16  0:35  Drone  
  17  0:53  Hatchery  
  17  0:56  Drone  
  17  0:59  Drone  
  17  1:02  Extractor  
  17  1:15  Spawning Pool  
  17  1:18  Drone  
  17  1:22  Drone  
  18  1:30  Drone  
  19  1:41  Overlord  
  19  1:54  Drone  
  20  2:02  Metabolic Boost, Queen  
  20  2:03  Zergling x2  
  20  2:08  Queen  
  25  2:10  Drone  
  26  2:17  Drone  
  26  2:18  Drone  
  28  2:25  Baneling Nest  
  28  2:27  Drone  
  28  2:33  Zergling x2  
  29  2:37  Zergling x2  
  29  2:38  Drone  
  29  2:43  Drone  
  32  2:48  Overlord  
  32  2:56  Drone  
  33  3:00  Drone  
  34  3:09  Hatchery  
  34  3:11  Drone  
  34  3:13  Drone x2  
  34  3:19  Queen  
  38  3:22  Drone  
  38  3:24  Drone  
  38  3:27  Drone  
  41  3:30  Drone  
  41  3:32  Drone  
  43  3:36  Zergling x2  
  43  3:37  Overlord  
  43  3:45  Spine Crawler  
  42  3:48  Roach Warren  
  42  3:49  Zergling x2  
  42  3:52  Zergling x2  
  43  3:57  Zergling x6  
  43  3:59  Zergling x2  
  43  4:01  Zergling x2  
  48  4:03  Zergling x2  
  48  4:06  Overlord  
  48  4:08  Zergling x2  
  50  4:10  Zergling x2  
  50  4:11  Baneling  
  51  4:17  Overlord  
  51  4:24  Overlord  
  51  4:28  Roach x4  
  51  4:29  Baneling  
  59  4:32  Overlord  
  59  4:37  Roach  
  61  4:39  Roach  
  61  4:41  Roach  
  61  4:43  Roach  
  63  4:47  Roach  
  63  4:48  Baneling  
  63  4:52  Roach  
  66  4:58  Drone  
  67  5:01  Roach  
  69  5:08  Drone  
  69  5:11  Extractor  
  69  5:13  Roach  
  71  5:19  Roach  
  71  5:20  Hatchery  
  71  5:22  Drone  
  72  5:29  Drone x2  
  72  5:30  Drone  
  72  5:32  Drone  
  76  5:36  Overlord  
  76  5:39  Roach  
  76  5:41  Overlord  
  78  5:43  Roach x2  
  82  5:50  Overlord  
  82  5:52  Overlord  
  82  5:56  Roach  
  86  6:04  Roach x2  
  86  6:08  Roach  
  86  6:09  Roach x2  
  94  6:12  Overlord  
  94  6:14  Roach x2  
  94  6:18  Overlord  
  98  6:25  Roach  
  100  6:30  Zergling x2  
  101  6:35  Overlord  
  101  6:38  Zergling x14  
  108  6:40  Baneling x7  
  108  6:44  Zergling x4  
  110  6:47  Baneling  
  110  6:49  Zergling x2  
  110  6:51  Baneling  
  110  6:52  Drone  
  112  6:57  Zergling x2  
  113  7:06  Zergling x2  
  113  7:07  Zergling x10  
  119  7:08  Overlord  
  117  7:21  Roach, Zergling x4  
  117  7:22  Zergling x2  
  95  7:37  Zergling x2  
  95  7:38  Zergling x14  
  95  7:44  Zergling x14  
  95  7:48  Zergling x4  
  90  7:58  Evolution Chamber  
  72  8:01  Roach x3  
  72  8:04  Zergling x2  
  72  8:05  Zergling x4  
  68  8:13  Roach  
  68  8:14  Roach x2  
  68  8:15  Roach  
  68  8:17  Roach  
  68  8:18  Roach x3  
  77  8:22  Roach  
  77  8:23  Roach  
  76  8:27  Roach  
  76  8:29  Roach  
  73  8:34  Roach  
  73  8:35  Roach  
  73  8:40  Roach  
  79  8:43  Zerg Missile Weapons Level 1  
  79  8:47  Roach  
  81  8:50  Baneling x2  
  83  8:55  Roach  
  83  8:57  Drone x2  
  83  9:00  Roach  
  87  9:03  Drone x2  
  87  9:06  Roach  
  87  9:09  Drone  
  93  9:10  Drone x2  
  93  9:12  Drone x2  
  96  9:20  Overlord  
  96  9:23  Lair  
  96  9:25  Overlord  
  96  9:35  Overlord  
  96  9:38  Queen  
  96  9:40  Drone x5  
  96  9:43  Roach  
  105  9:46  Roach  
  105  9:49  Roach  
  105  9:50  Roach  
  105  9:51  Drone  
  105  9:52  Drone  
  113  9:55  Extractor  
  113  9:56  Roach  
  113  9:57  Extractor x2  
  112  10:02  Roach x3  
  118  10:13  Roach x3  
  124  10:21  Roach  
  124  10:22  Roach  
  127  10:31  Glial Reconstitution  
  127  10:37  Overseer  
  127  10:40  Hatchery  
  127  10:42  Drone x2  
  128  10:47  Zerg Missile Weapons Level 2  
  130  10:50  Roach x3  
  134  10:59  Roach x5  
  144  11:04  Overlord  
  144  11:08  Overlord  
  142  11:11  Overlord  
  142  11:17  Roach x6  
  145  11:31  Roach x6  
  121  11:35  Roach x2  
  121  11:37  Roach  
  109  11:40  Roach  
  109  11:45  Roach x2  
  111  11:49  Roach x2  
  108  11:55  Roach x2  
  108  11:57  Roach  
  104  12:02  Roach  
  104  12:06  Roach  
  102  12:10  Roach  
  102  12:14  Roach x3  
  108  12:23  Ravager  
  108  12:24  Ravager  
  108  12:25  Ravager  
  108  12:26  Ravager  
  112  12:31  Roach x2  
  116  12:38  Roach x3  
  116  12:41  Hatchery  
  115  12:47  Roach x4  
  112  12:54  Roach x2  
  110  12:59  Roach x3  
  114  13:10  Roach  
  114  13:11  Roach x3  
  118  13:16  Roach x3  
  124  13:22  Roach  
  124  13:23  Roach x2  
  111  13:35  Roach  
  111  13:36  Roach x4  
  111  13:38  Roach  
  111  13:39  Roach  
  104  13:42  Roach  
Show
View Real Time Build Order
Export as new Build Order

iGXiGua Zerg - Winner!

Build Orders: Hatch First 

Get SALT Encoding   

  12  0:01  Drone  
  13  0:08  Drone  
  14  0:18  Overlord  
  14  0:22  Extractor  
  14  0:23  Drone  
  15  0:36  Drone x2  
  17  0:53  Hatchery  
  17  0:56  Drone  
  17  1:00  Drone  
  18  1:04  Extractor  
  17  1:15  Spawning Pool  
  16  1:18  Drone  
  16  1:23  Drone  
  18  1:29  Drone  
  19  1:39  Overlord  
  19  2:01  Queen  
  19  2:02  Zergling x4  
  19  2:04  Metabolic Boost  
  19  2:06  Queen  
  25  2:10  Drone  
  25  2:14  Drone  
  27  2:20  Drone  
  27  2:21  Drone  
  29  2:28  Drone  
  30  2:33  Roach Warren  
  29  2:37  Drone  
  29  2:39  Drone  
  31  2:45  Overlord  
  31  2:49  Overlord  
  31  3:15  Roach x7  
  45  3:21  Overlord  
  45  3:23  Zergling x2  
  45  3:29  Baneling Nest  
  45  3:30  Zergling x2  
  45  3:37  Zergling x6  
  48  3:45  Zergling x6  
  51  3:49  Zergling x2  
  51  3:53  Overlord  
  52  3:56  Zergling x2  
  52  3:58  Zergling x2  
  52  4:01  Zergling x2  
  55  4:04  Zergling x2  
  55  4:07  Zergling x4  
  58  4:12  Baneling x2  
  58  4:15  Baneling x2  
  59  4:17  Drone  
  59  4:20  Drone  
  59  4:24  Zergling x4  
  62  4:27  Baneling x2  
  62  4:32  Drone x2  
  62  4:35  Drone  
  63  4:53  Hatchery  
  63  4:55  Drone x3  
  63  4:58  Drone  
  66  5:03  Drone x2  
  66  5:06  Overlord  
  68  5:10  Overlord  
  68  5:18  Extractor  
  66  5:28  Drone x5  
  68  5:29  Drone  
  68  5:30  Extractor  
  68  5:31  Drone  
  71  5:38  Queen  
  73  5:43  Drone x3  
  73  5:46  Ravager x3  
  73  5:49  Drone x3  
  82  5:50  Overlord  
  82  5:53  Overlord  
  82  5:57  Overlord  
  82  5:59  Ravager  
  82  6:01  Overlord  
  82  6:03  Drone  
  84  6:06  Overlord  
  84  6:12  Roach  
  84  6:13  Roach  
  84  6:14  Drone  
  84  6:15  Drone  
  90  6:20  Drone x2  
  92  6:27  Roach x3  
  98  6:34  Evolution Chamber  
  98  6:35  Roach x3  
  103  6:40  Drone  
  103  6:41  Drone x2  
  103  6:44  Roach x2  
  103  6:45  Roach  
  112  6:50  Roach x3  
  118  6:55  Roach  
  118  6:56  Roach  
  118  6:57  Spine Crawler  
  118  6:59  Baneling x4  
  118  7:00  Overlord  
  120  7:03  Roach  
  120  7:05  Zergling x4  
  117  7:21  Roach, Zergling x20  
  104  7:28  Roach  
  104  7:29  Roach  
  97  7:33  Roach  
  96  7:37  Roach  
  96  7:39  Roach  
  93  7:44  Roach  
  93  7:48  Roach  
  93  7:49  Queen  
  93  7:50  Roach  
  87  7:55  Roach  
  87  7:58  Roach  
  78  8:01  Roach  
  75  8:06  Roach x2  
  75  8:08  Zergling x8  
  75  8:11  Zergling x2  
  82  8:18  Zergling x4  
  84  8:20  Zergling x4  
  84  8:26  Drone  
  78  8:28  Drone  
  78  8:30  Drone  
  75  8:37  Lair  
  75  8:39  Evolution Chamber  
  74  8:41  Drone  
  74  8:42  Drone x5  
  74  8:46  Baneling x2  
  74  8:47  Baneling  
  80  8:50  Drone  
  81  8:56  Roach  
  81  8:57  Roach  
  81  9:00  Roach  
  89  9:02  Roach  
  89  9:06  Zerg Missile Weapons Level 1  
  89  9:09  Roach  
  91  9:10  Baneling x2  
  91  9:11  Baneling  
  91  9:13  Zergling x2  
  92  9:21  Roach x3  
  98  9:31  Extractor  
  98  9:34  Drone x3  
  98  9:36  Drone x4  
  98  9:38  Glial Reconstitution  
  103  9:40  Roach  
  103  9:41  Roach  
  103  9:44  Roach  
  109  9:50  Roach x2  
  113  9:55  Drone x4  
  113  9:57  Roach  
  113  9:59  Extractor  
  118  10:01  Roach  
  118  10:02  Roach  
  122  10:10  Drone  
  122  10:12  Roach x3  
  129  10:25  Hatchery  
  129  10:27  Drone x2  
  129  10:28  Drone  
  130  10:30  Roach x2  
  130  10:31  Overseer  
  130  10:35  Overlord  
  133  10:42  Ravager x4  
  137  10:44  Overlord x2  
  137  10:51  Overlord  
  137  10:52  Overlord  
  137  10:54  Roach x2  
  140  11:03  Zerg Missile Weapons Level 2  
  140  11:04  Roach  
  140  11:05  Roach x3  
  140  11:10  Roach x3  
  154  11:16  Roach x2  
  150  11:26  Roach  
  150  11:27  Roach x4  
  150  11:30  Roach  
  150  11:31  Roach x2  
  144  11:33  Roach  
  144  11:39  Roach x3  
  134  11:47  Roach x4  
  134  11:50  Roach  
  134  11:54  Roach x2  
  140  12:01  Roach x4  
  118  12:09  Roach x3  
  122  12:19  Roach x6  
  134  12:23  Drone  
  134  12:25  Ravager x2  
  134  12:26  Ravager  
  134  12:28  Drone x2  
  142  12:30  Roach x2  
  142  12:36  Roach x2  
  148  12:37  Roach  
  146  12:46  Roach x4  
  146  12:50  Roach  
  146  12:51  Roach  
  146  12:54  Roach x2  
  148  13:00  Roach x3  
  152  13:10  Roach  
  152  13:11  Roach x3  
  160  13:20  Roach x5  
  166  13:32  Roach x6  
  163  13:34  Roach  
  163  13:40  Roach x2, Extractor  
Tags
 
Add a new tag
Caveats
  • Supply blocks, unpowered buildings, or Contaminate may cause inaccurate times.
  • Supply counts are checked every 10 seconds.